 Dungeon Crawl Stone Soup version 0.28-a0-724-g66f9036eb4 (webtiles) character file.

Game seed: 16301160611420673625

873 AarnesTheHuman the Skirmisher (level 8, -24/65 HPs)
             Began as a Barachi Fighter on Oct 27, 2021.
             Was a Follower of Cheibriados.
             Killed from afar by Maggie (26 damage)
             ... with a bolt of fire
             ... on level 6 of the Dungeon.
             The game lasted 00:10:05 (5727 turns).

AarnesTheHuman the Skirmisher (Barachi Fighter)     Turns: 5727, Time: 00:10:05

Health: -24/65     AC:  9    Str: 22    XL:     8   Next: 4%
Magic:  19/19      EV:  9    Int: 11    God:    Cheibriados [*.....]
Gold:   70         SH:  5    Dex: 13    Spells: 7/7 levels left

rFire   . . .      SeeInvis .   b - +0 hand crossbow
rCold   . . .      Faith    .   c - +0 buckler
rNeg    . . .      Spirit   .   g - +0 scale mail
rPois   .          Reflect  .   j - +2 hat
rElec   .          Harm     .   (no cloak)
rCorr   .          Rampage  .   (no gloves)
Will    .....                   (no boots)
Stlth   ..........              k - amulet of magic regeneration
HPRegen 0.20/turn               t - ring of magical power
MPRegen 0.41/turn               (no ring)

@: mesmerised, very slow
A: amphibious, slowness 1, strong legs 1, +LOS
a: Hop, Renounce Religion, Bend Time


You were on level 6 of the Dungeon.
You worshipped Cheibriados.
Cheibriados was aware of your devotion.
You visited 2 branches of the dungeon, and saw 7 of its levels.

You collected 203 gold pieces.
You spent 133 gold pieces at shops.

Inventory:

Hand Weapons
 a - a +1 long sword
 b - a +0 hand crossbow (weapon)
 p - a +1 dagger of draining
 s - a +0 dagger of venom
 u - a +1 rapier of venom
 x - a +0 hunting sling
Missiles
 l - 3 curare-tipped darts
 m - 175 stones
 y - 8 bolts (quivered ammo)
Armour
 c - a +0 buckler (worn)
 e - a +0 tower shield
 g - a +0 scale mail (worn)
 j - a +2 hat (worn)
Jewellery
 k - an amulet of magic regeneration (around neck)
 t - a ring of magical power (left hand)
Scrolls
 f - 3 scrolls of identify
 o - 2 scrolls of vulnerability
 v - a scroll of enchant weapon
Potions
 d - a potion of might
 h - 3 potions of attraction


   Skills:
 + Level 6.4 Fighting
 + Level 5.6 Long Blades
 + Level 0.8 Crossbows
 + Level 6.3 Armour
 - Level 4.0 Shields
 * Level 3.2 Invocations


You had 7 spell levels left.
You didn't know any spells.
Your spell library contained the following spells:

 Spells                   Type           Power      Damage    Failure   Level
 Magic Dart               Conj           0%         1d3       65%         1
 Static Discharge         Conj/Air       0%         N/A       78%         2
 Fulminant Prism          Conj/Hex       0%         3d6       100%        4
 Malign Gateway           Summ/Tloc      0%         N/A       100%        7
 Orb of Destruction       Conj           0%         N/A       100%        7
 Summon Horrible Things   Summ           0%         N/A       100%        8


Dungeon Overview and Level Annotations

Branches:
Dungeon (6/15)             Temple (1/1) D:4

Altars:
Cheibriados
Dithmenos
Gozag
Hepliaklqana
Kikubaaqudgha
Nemelex Xobeh
Okawaru
Qazlal
Ru
Sif Muna
Vehumet
Wu Jian
Zin
The Shining One

Shops:
D:3 *   D:5 :(

Annotations:
D:6 Maggie


Innate Abilities, Weirdness & Mutations

You are amphibious.
You cover ground slowly.
You can hop short distances.
You have an extended range of vision and can be seen from far away.


Message History

You shoot a bolt. The bolt closely misses Maggie.
Fire: 12 bolts
Press: ? - help, Q - select action, (/) - cycle Shift-Dir - straight line, f/p - Maggie
Aim: Maggie, wielding a +1 halberd of flaming and wearing +0 acid dragon scales (heavily wounded, mesmerising, fast, 64% to hit)
You shoot a bolt. The bolt closely misses Maggie.
Maggie barely misses you.
Maggie hits you from afar with a +1 halberd of flaming!
Maggie burns you!
Maggie hits you from afar with a +1 halberd of flaming!
Maggie burns you.
Fire: 11 bolts
Press: ? - help, Q - select action, (/) - cycle Shift-Dir - straight line, f/p - Maggie
Aim: Maggie, wielding a +1 halberd of flaming and wearing +0 acid dragon scales (heavily wounded, mesmerising, fast, 64% to hit)
You shoot a bolt. The bolt hits Maggie.
Maggie is severely wounded.
Maggie hits you from afar with a +1 halberd of flaming!
* * * LOW HITPOINT WARNING * * *
Maggie burns you.
* * * LOW HITPOINT WARNING * * *
Maggie hits you from afar with a +1 halberd of flaming!
* * * LOW HITPOINT WARNING * * *
Maggie burns you.
* * * LOW HITPOINT WARNING * * *
Fire: 10 bolts
Press: ? - help, Q - select action, (/) - cycle Shift-Dir - straight line, f/p - Maggie
Aim: Maggie, wielding a +1 halberd of flaming and wearing +0 acid dragon scales (severely wounded, mesmerising, fast, 64% to hit)
You shoot a bolt. The bolt barely misses Maggie.
You block Maggie's attack.
Maggie hits you from afar with a +1 halberd of flaming.
* * * LOW HITPOINT WARNING * * *
Maggie burns you.
* * * LOW HITPOINT WARNING * * *
Fire: 9 bolts
Press: ? - help, Q - select action, (/) - cycle Shift-Dir - straight line, f/p - Maggie
Aim: Maggie, wielding a +1 halberd of flaming and wearing +0 acid dragon scales (severely wounded, mesmerising, fast, 64% to hit)
You shoot a bolt. The bolt hits Maggie!
Maggie is almost dead.
Maggie gestures at you while chanting. The bolt of fire hits you!!
You die...

.. (.. ..(. #
.....#. ....(#.
.......# ......@.##
.........#########
........@........##
.........^.###....#
.......##### ###..##
....... ##..#
.......# ##...#
#.......# ###....#
.........####....###
#...............###
#..............## #


You could see Maggie (mesmerising, fast).

Vanquished Creatures
  A sky beast (D:4)
  2 phantoms
  2 scorpions
  A gnoll sergeant (D:5)
  A water moccasin skeleton (D:2)
  3 hounds
  A jelly (D:4)
  A bullfrog skeleton (D:5)
  An iguana (D:5)
  Terence (D:3)
  A hound skeleton (D:5)
  5 gnolls
  5 adders
  A shadow imp (D:6)
  A white imp (D:5)
  A worm (D:5)
  4 dart slugs
  9 orcs
  5 endoplasms
  2 giant cockroaches
  6 goblins
  7 hobgoblins
  4 jackals (D:1)
  4 kobolds
  3 quokkas
  6 ball pythons
  3 bats (D:3)
  6 frilled lizards
  12 rats
99 creatures vanquished.

Notes
Turn   | Place    | Note
-------+----------+-------------------------------------------
     0 | D:1      | AarnesTheHuman the Barachi Fighter began the quest for the
                  | Orb.
     0 | D:1      | Reached XP level 1. HP: 18/18 MP: 1/1
   235 | D:1      | Reached XP level 2. HP: 18/25 MP: 2/2
   468 | D:1      | Reached XP level 3. HP: 27/30 MP: 3/3
   587 | D:1      | Found a faded altar of an unknown god.
   923 | D:2      | Reached XP level 4. HP: 38/38 MP: 4/4
  1403 | D:2      | Reached XP level 5. HP: 43/43 MP: 5/5
  1593 | D:3      | Found Gozag's Platinum Reserve.
  1599 | D:3      | Found an opulent altar of Gozag.
  2223 | D:3      | Noticed Terence
  2230 | D:3      | Killed Terence
  2231 | D:3      | Reached skill level 5 in Fighting
  2353 | D:3      | Reached skill level 5 in Armour
  2654 | D:4      | Reached XP level 6. HP: 40/51 MP: 6/6
  2787 | D:4      | Found a hazy altar of Hepliaklqana.
  2904 | D:4      | Got the Handbook of Cloudy Arcane Weapons
  2917 | D:4      | Found a staircase to the Ecumenical Temple.
  2927 | Temple   | Entered the Ecumenical Temple
  2990 | Temple   | Became a worshipper of Cheibriados the Contemplative
  3069 | D:4      | Reached skill level 1 in Invocations
  3551 | D:5      | Entered Level 5 of the Dungeon
  3781 | D:5      | Noticed a sky beast
  3794 | D:4      | Reached XP level 7. HP: 47/57 MP: 8/8
  3810 | D:4      | Reached skill level 5 in Long Blades
  4023 | D:5      | Found an iron altar of Okawaru.
  4180 | D:5      | Found Ofupluese's Antique Weapon Shop.
  4205 | D:5      | Bought a runed rapier for 133 gold pieces
  4646 | D:5      | Found Saloer's Book Boutique.
  4784 | D:5      | Found a glowing silver altar of Zin.
  5006 | D:5      | Reached * piety under Cheibriados
  5320 | D:5      | HP: 4/87 [poisoned by a gnoll sergeant]
  5329 | D:5      | HP: 4/87 [poisoned by a gnoll sergeant]
  5333 | D:5      | Reached XP level 8. HP: 4/65 MP: 10/10
  5335 | D:5      | HP: 2/97 [poisoned by a gnoll sergeant]
  5717 | D:6      | Noticed Maggie
  5726 | D:6      | HP: 2/65 [Maggie (3)]
  5727 | D:6      | Killed from afar by Maggie

Illustrated notes

Levels and vault maps discovered:
D:1:      saegor_arrival_simple_e, layout_rooms,
          hellmonk_ecumenical_altar_pennies_from_heaven
D:2:      layout_rooms
D:3:      layout_basic, nicolae_gozag_zags_fifth_avenue, uniq_terence
D:4:      layout_gridville, mainiacjoe_overflow_24_doors,
          minmay_temple_entry_ruins, wad_floor_pattern_untrapped
D:5:      layout_basic, okawaru_metal_pillars_1_2, zin_statuary, serial_shops,
          shop, shop
D:6:      layout_layer_cave, lemuel_round_altar,
          mainiacjoe_overflow_concentric_impassable, uniq_edmund, uniq_pikel,
          uniq_maggie
Temple:   compressed_dpeg_circular_temple

Skill      XL: |  1  2  3  4  5  6  7 |
---------------+----------------------+-----
Fighting       | 4 5 6 |  6.4
Armour         | 4 5 6 |  6.3
Long Blades    | 3 4 5 |  5.6
Shields        | 4 |  4.0
Invocations    | 1 3 |  3.2
Crossbows      | |  0.8

Action                   |  1- 3 |  4- 6 |  7- 9 || total
-------------------------+-------+-------+-------++-------
Melee: Long sword        |    78 |   219 |    74 ||   371
 Fire: Hunting sling     |       |     3 |       ||     3
       Hand crossbow     |       |       |     9 ||     9
Invok: Bend Time         |       |       |     1 ||     1
  Use: Scroll            |       |     6 |     1 ||     7
       Potion            |       |       |     6 ||     6
Armor: Scale mail        |    39 |   103 |    44 ||   186
       Skin              |       |       |    13 ||    13
Dodge: Dodged            |    34 |   109 |    38 ||   181
Block: Buckler           |    13 |    46 |    18 ||    77

Table legend: (Time is in decaauts)
 A = Elapsed time spent in this place.
 B = Non-inter-level travel time spent in this place.
 C = Inter-level travel time spent in this place.
 D = Time resting spent in this place.
 E = Time spent auto-exploring this place.
 F = Levels seen in this place.
 G = Mean time per level.
                   A        B        C        D        E       F      G
               +--------+--------+--------+--------+--------+-----+--------+
         Total |   6789 |   6487 |    302 |   1063 |   4334 |   7 |  969.9 |
       Dungeon |   6691 |   6410 |    281 |   1063 |   4275 |   6 | 1115.2 |
        Temple |     97 |     77 |     20 |      0 |     58 |   1 |   97.0 |
               +--------+--------+--------+--------+--------+-----+--------+

Top non-repeatable levels by time:
     D:5: 2316 daAuts
     D:4: 1366 daAuts
     D:3: 1105 daAuts
     D:1: 987 daAuts
     D:2: 782 daAuts
     D:6: 133 daAuts
  Temple: 97 daAuts
